 Dungeon Crawl Stone Soup version 0.27-a0-291-gd9602db6ee (webtiles) character file.

Game seed: 15887628442675960135

139427 tilp the Unseen (level 17, -13/98 HPs)
             Began as a Vine Stalker Brigand on Feb 9, 2021.
             Was the Champion of Makhleb.
             Killed from afar by a spark wasp (16 damage)
             ... with a living lightning
             ... on level 3 of the Spider Nest.
             The game lasted 01:14:07 (30815 turns).

tilp the Unseen (Vine Stalker Brigand)             Turns: 30815, Time: 01:14:08

Health: -13/98     AC: 27    Str: 15      XL:     17   Next: 28%
Magic:  0/25       EV: 11    Int: 13      God:    Makhleb [******]
Gold:   2451       SH: 10    Dex: 20 (21) Spells: 16/16 levels left

rFire    + . .     SeeInvis .   a - +3 dagger (venom)
rCold    . . .     Faith    .   Y - +0 kite shield {reflect}
rNeg     . . .     Spirit   +   j - +2 chain mail {rF+}
rPois    +         Reflect  +   y - +2 helmet
rElec    .         Harm     .   c - +2 cloak
rCorr    .         Rampage  .   f - +2 pair of gloves {Dex+3}
Will     ++...                  v - +0 pair of boots of Levity {Int+2 Slay+5}
Stlth    ++++......             D - amulet of the acrobat
HPRegen  1.06/turn              N - ring "Puvastrui" {+Blink rPois Str-2 Slay+2}
MPRegen  0.19/turn              P - +4 ring of protection

@: no status effects
A: fangs 3, regeneration 2, weak 1, magic shield, antimagic bite, no potion heal
3
a: Renounce Religion, Evoke Blink, Minor Destruction, Lesser Servant of Makhleb,
Major Destruction, Greater Servant of Makhleb


You were on level 3 of the Spider Nest.
You worshipped Makhleb.
Makhleb was exalted by your worship.
You visited 5 branches of the dungeon, and saw 28 of its levels.
You also visited: Gauntlet.

You collected 2865 gold pieces.
You spent 414 gold pieces at shops.

Inventory:

Hand Weapons
 a - a +3 dagger of venom (weapon)
 b - a +5 dagger of electrocution
 E - a +2 dagger of flaming
Missiles
 d - 51 poisoned darts (quivered)
 e - 4 curare-tipped darts
 k - 12 atropa-tipped darts
 C - 4 throwing nets {!f}
Armour
 c - a +2 cloak (worn)
 f - a +2 pair of gloves of dexterity (worn)
 j - a +2 chain mail of fire resistance (worn)
 v - the +0 pair of boots of Levity (worn) {Int+2 Slay+5}
   (You found it in a Gauntlet)

   It affects your intelligence (+2).
   It affects your accuracy and damage with ranged weapons and melee attacks
   (+5).
 y - a +2 helmet (worn)
 Y - a +0 kite shield of reflection (worn)
Jewellery
 h - an uncursed ring of willpower
 s - an uncursed ring of see invisible
 D - an amulet of the acrobat (around neck)
 J - an uncursed ring of ice
 K - an uncursed ring of resist corrosion
 N - the ring "Puvastrui" (left hand) {+Blink rPois Str-2 Slay+2}
   (You found it on level 2 of the Lair of Beasts)

   [ring of poison resistance]

   It affects your strength (-2).
   It affects your accuracy and damage with ranged weapons and melee attacks
   (+2).
   It protects you from poison.
   It lets you blink.
 P - a +4 ring of protection (right hand)
 T - an uncursed ring of positive energy
Wands
 o - a wand of digging (25)
 r - a wand of paralysis (5)
 x - a wand of charming (14)
 B - a wand of flame (34)
 G - a wand of mindburst (42)
 Q - a wand of acid (8)
 V - a wand of polymorph (33)
 W - a wand of iceblast (30)
Scrolls
 n - 12 scrolls of remove curse
 u - 2 scrolls of teleportation
 w - 5 scrolls of magic mapping
 z - 7 scrolls of blinking
 A - 2 scrolls of identify
 S - 2 scrolls of fear
 X - 3 scrolls of fog
Potions
 g - 5 potions of haste
 l - 2 potions of might
 m - 18 potions of curing
 q - 3 potions of mutation
 t - a potion of berserk rage
 H - 5 potions of flight
 I - 2 potions of resistance
 M - a potion of invisibility
 O - 2 potions of magic
 Z - 3 potions of attraction
Miscellaneous
 i - a phial of floods
 p - a condenser vane
 F - a tin of tremorstones (1/2)
 L - a phantom mirror
 R - a box of beasts
 U - a phial of floods


   Skills:
 + Level 14.6 Fighting
 - Level 10.0 Short Blades
 - Level 6.0 Throwing
 - Level 6.0 Armour
 + Level 11.5 Dodging
 - Level 17.0 Stealth
 - Level 6.0 Shields
 - Level 10.0 Invocations
 - Level 8.0 Evocations


You had 16 spell levels left.
You didn't know any spells.
Your spell library contained the following spells:

 Spells                   Type           Power        Failure   Level
 Animate Skeleton         Necr           0%           100%        1
 Apportation              Tloc           0%           100%        1
 Beastly Appendage        Tmut           0%           100%        1
 Corona                   Hex            0%           100%        1
 Foxfire                  Conj/Fire      0%           100%        1
 Magic Dart               Conj           0%           100%        1
 Pain                     Necr           0%           100%        1
 Sandblast                Erth           0%           100%        1
 Summon Small Mammal      Summ           0%           100%        1
 Blink                    Tloc           N/A          100%        2
 Call Imp                 Summ           0%           100%        2
 Ensorcelled Hibernation  Hex/Ice        0%           100%        2
 Passwall                 Tmut/Erth      0%           100%        2
 Poisonous Vapours        Pois/Air       0%           100%        2
 Slow                     Hex            0%           100%        2
 Wereblood                Tmut           0%           100%        2
 Call Canine Familiar     Summ           0%           100%        3
 Confusing Touch          Hex            0%           100%        3
 Conjure Flame            Conj/Fire      0%           100%        3
 Dazzling Flash           Conj/Hex       0%           100%        3
 Frozen Ramparts          Ice            0%           100%        3
 Inner Flame              Hex/Fire       0%           100%        3
 Lesser Beckoning         Tloc           0%           100%        3
 Mephitic Cloud           Conj/Pois/Air  0%           100%        3
 Ozocubu's Armour         Ice            0%           100%        3
 Spider Form              Tmut/Pois      0%           100%        3
 Stone Arrow              Conj/Erth      0%           100%        3
 Summon Guardian Golem    Hex/Summ       0%           100%        3
 Tukima's Dance           Hex            0%           100%        3
 Vampiric Draining        Necr           0%           100%        3
 Airstrike                Air            0%           100%        4
 Animate Dead             Necr           0%           100%        4
 Cause Fear               Hex            0%           100%        4
 Ice Form                 Ice/Tmut       0%           100%        4
 Petrify                  Tmut/Erth      0%           100%        4
 Sticky Flame             Conj/Fire      0%           100%        4
 Summon Ice Beast         Ice/Summ       0%           100%        4
 Summon Lightning Spire   Summ/Air       0%           100%        4
 Agony                    Necr           0%           100%        5
 Alistair's Intoxication  Tmut/Pois      0%           100%        5
 Blade Hands              Tmut           0%           100%        5
 Fireball                 Conj/Fire      0%           100%        5
 Lee's Rapid Deconstruct  Erth           0%           100%        5
 Metabolic Englaciation   Hex/Ice        0%           100%        5
 Silence                  Hex/Air        0%           100%        5
 Yara's Violent Unravell  Hex/Tmut       0%           100%        5
 Freezing Cloud           Conj/Ice/Air   0%           100%        6
 Invisibility             Hex            0%           100%        6
 Simulacrum               Ice/Necr       0%           100%        6
 Ozocubu's Refrigeration  Ice            0%           100%        7
 Discord                  Hex            0%           100%        8


Dungeon Overview and Level Annotations

Branches:
Dungeon (15/15)            Temple (1/1) D:5            Lair (6/6) D:8
  Swamp (0/4) Lair:4       Spider (4/4) Lair:4        Slime (0/5) Lair:5
    Orc (2/2) D:12            Elf (0/3) Orc:2        Vaults (0/5) D:13
 Depths (0/5) D:15        Gauntlet (visited)

Altars:
Ashenzari
Cheibriados
Dithmenos
Elyvilon
Fedhas
Gozag
Hepliaklqana
Kikubaaqudgha
Makhleb
Nemelex Xobeh
Okawaru
Qazlal
Ru
Sif Muna
Trog
Uskayaw
Vehumet
Wu Jian
Xom
Yredelemnul
Zin
The Shining One
Jiyva

Shops:
D:14 [(   Orc:2 (([*

Annotations:
D:11 2 transporters, 1 runed translucent door, exclusion: obsidian statue, psellion's ghost, journeyman DrIE
Lair:6 exclusion: 3 doors


Innate Abilities, Weirdness & Mutations

You have razor-sharp teeth.
You heal very quickly.
When hurt, damage is shared between your health and your magic reserves.
Your bite disrupts and absorbs the magic of your enemies.
Potions cannot restore your health.
You are weak. (Str -2)


Message History

The spark wasp stings you! The spark wasp shocks you!
The wolf spider closely misses you.
The wolf spider bites you but does no damage.
The spark wasp stings you!
* * * LOW HITPOINT WARNING * * *
The spark wasp shocks you!
* * * LOW HITPOINT WARNING * * *
You hit the spark wasp but do no damage.
Your bite misses the spark wasp.
The spark wasp is lightly wounded.
The spark wasp stings you!
* * * LOW HITPOINT WARNING * * *
The spark wasp shocks you!
* * * LOW HITPOINT WARNING * * *
The wolf spider barely misses you. The wolf spider completely misses you.
Unknown command.
You blink.
The spark wasp bursts into living lightning!
The living lightning hits you!
You die...

###.....###........^#...##....
##....#.#.....(...##..#.....
##..^.....^.....y....#...!.
#.............†§s.!..##....
#####...............†...^.#....
#..............................
#..........#.#......#..........
#.........####......###........
#.........##..@.^...###........
#.".......##.....#..#..........
#........##......#..#..........
#.......###..#..##..##...#.....
###......###.#...#..###.##.....
##.....# ###..##..# ###^.....
##...## #...#...# #...^.. #..##
#..###.## #...... #### #### ###
#^..##.


You could see a spark wasp and a wolf spider.

Vanquished Creatures
  Arachne (Spider:2)
  Jorgrun (D:13)
  Donald (Orc:2)
  A ghost moth (Spider:3)
  Louise (Spider:1)
  3 orc warlords
  3 emperor scorpions (Spider:1)
  Azrael (Orc:2)
  5 entropy weavers
  A minotaur (Gauntlet)
  A blizzard demon (Gauntlet)
  A great orb of eyes (D:14)
  A yaktaur captain (D:15)
  9 hydras
  2 boulder beetles
  Erica (Orc:1)
  Erolcha (D:11)
  4 centaur warriors
  A death knight (D:11)
  3 two-headed ogres
  A tengu warrior (D:13)
  4 orc high priests (Orc:2)
  6 death yaks
  An unseen horror (D:12)
  8 slime creatures
  A skeletal warrior (D:14)
  2 wizards
  Pikel (D:7)
  A harpy (shapeshifter) (D:15)
  18 orb spiders
  2 deep elf zephyrmancers (Orc:1)
  6 orc sorcerers
  5 orc knights
  20 wolf spiders
  14 ugly things
  3 cyclopes
  3 moths of wrath
  2 manticores
  The ghost of richaworth the Ruffian, a novice TrBe of Trog (D:6)
  3 centaur zombies
  8 black mambas
  6 elephants (Lair:6)
  2 torpor snails (Spider:1)
  9 cane toads
  A rime drake (Lair:6)
  7 komodo dragons
  A yaktaur (shapeshifter) (D:13)
  2 yaktaurs (D:15)
  2 freezing wraiths
  10 demonic crawlers
  A rime drake (shapeshifter) (D:14)
  A jumping spider (shapeshifter) (D:13)
  19 jumping spiders
  3 meliai (D:15)
  5 trolls
  A polar bear (shapeshifter) (D:13)
  7 polar bears
  12 hornets
  14 blink frogs
  A meliai zombie (D:12)
  22 tarantellas
  19 yaks
  A shadow (D:14)
  3 wraiths (D:12)
  44 redbacks
  A tarantella (shapeshifter) (D:13)
  5 wyverns
  7 basilisks
  3 fire elementals (Orc:2)
  6 vampire mosquitoes
  Menkaure (D:7)
  5 wargs
  A soldier ant (D:12)
  9 water moccasins
  2 hell hounds
  A swamp drake (Orc:1)
  8 ice beasts
  38 orc warriors
  3 black bears
  6 sky beasts
  8 ogres
  19 wolves
  7 centaurs
  2 lemures (D:7)
  The ghost of urnamphora the Shield-Bearer, an amateur GrFi of Gozag (D:4)
  3 phantoms
  17 bullfrogs
  A gnoll sergeant (D:11)
  Blork the orc (D:6)
  5 scorpions
  4 killer bees (D:13)
  14 wights
  2 electric eels (Lair:1)
  A howler monkey (D:4)
  A crimson imp (Orc:1)
  3 bullfrog zombies
  A quasit (D:14)
  27 orc priests
  5 hounds
  2 centaur skeletons (D:4)
  Crazy Yiuf (D:7)
  6 bullfrog skeletons
  An iron imp (Orc:1)
  5 jellies
  6 iguanas
  Ijyb (D:3)
  25 orc wizards
  15 worker ants
  A hound skeleton (D:4)
  A howler monkey zombie (D:9)
  12 gnolls
  13 adders
  A hound simulacrum (D:9)
  4 shadow imps
  6 white imps
  2 worker ant simulacra (D:9)
  A howler monkey simulacrum (D:9)
  5 ufetubi
  An ooze (D:5)
  An adder zombie (D:8)
  4 worms
  4 dart slugs
  An adder simulacrum (D:9)
  6 leopard geckos
  99 orcs
  6 bats
  6 giant cockroaches
  10 goblins
  9 hobgoblins
  6 jackals
  3 quokkas
  A ball python (D:6)
  4 frilled lizards
  A jackal zombie (D:4)
  12 kobolds
  A leopard gecko skeleton (D:4)
  A leopard gecko zombie (D:7)
  A quokka skeleton (D:4)
  A quokka zombie (D:6)
  5 rats
854 creatures vanquished.

Vanquished Creatures (collateral kills)
  Snorg (D:10)
  3 hydras
  An orb spider (Spider:3)
  An ugly thing (D:11)
  A wolf spider (Spider:3)
  A cane toad (Lair:5)
  2 jumping spiders
  2 blink frogs (Lair:5)
  3 redbacks
  A kobold brigand (D:11)
  A wyvern skeleton (D:9)
  A bullfrog simulacrum (D:9)
  3 kobolds (D:11)
21 creatures vanquished.

Vanquished Creatures (others)
  A jumping spider (Spider:3)
  An orc wizard (Orc:2)
  14 demonic plants (Gauntlet)
  33 fungi
  45 plants
94 creatures vanquished.

Grand Total: 969 creatures vanquished

Notes
Turn   | Place    | Note
-------+----------+-------------------------------------------
     0 | D:1      | tilp the Vine Stalker Brigand began the quest for the Orb.
     0 | D:1      | Reached XP level 1. HP: 11/11 MP: 2/2
    52 | D:1      | Reached XP level 2. HP: 10/15 MP: 1/3
   657 | D:1      | Reached XP level 3. HP: 18/18 MP: 4/4
  1668 | D:2      | Gained mutation: Your natural rate of healing is unusually
                  | fast. [Vine Stalker growth]
  1668 | D:2      | Reached XP level 4. HP: 23/23 MP: 3/5
  2118 | D:3      | Noticed Ijyb
  2138 | D:3      | Killed Ijyb
  2285 | D:3      | Reached XP level 5. HP: 26/26 MP: 6/6
  2451 | D:3      | Reached skill level 5 in Short Blades
  2931 | D:4      | Reached XP level 6. HP: 17/30 MP: 4/7
  3575 | D:4      | Noticed a black bear
  3590 | D:4      | Killed a black bear
  3627 | D:4      | Found a transporter.
  3629 | D:4      | Found a transporter.
  3630 | D:4      | Noticed urnamphora's ghost (amateur GrFi)
  3752 | D:4      | Reached XP level 7. HP: 19/34 MP: 4/8
  3961 | D:5      | Entered Level 5 of the Dungeon
  4496 | D:5      | Found a staircase to the Ecumenical Temple.
  4531 | Temple   | Entered the Ecumenical Temple
  4795 | Temple   | Became a worshipper of Makhleb the Destroyer
  5693 | D:6      | Gained mutation: You have razor-sharp teeth. [Vine Stalker
                  | growth]
  5693 | D:6      | Reached XP level 8. HP: 31/38 MP: 9/9
  5724 | D:6      | Found a stormy altar of Qazlal.
  5858 | D:6      | Reached * piety under Makhleb
  6095 | D:6      | Noticed Blork the orc
  6104 | D:6      | Killed Blork the orc
  6225 | D:6      | Found a large runed translucent door.
  6225 | D:6      | Found a large runed translucent door.
  6227 | D:6      | Noticed richaworth's ghost (novice TrBe)
  6355 | D:7      | Reached skill level 10 in Short Blades
  6378 | D:7      | Reached skill level 5 in Stealth
  6390 | D:7      | Reached XP level 9. HP: 18/42 MP: 6/10
  6598 | D:7      | Noticed Menkaure
  6605 | D:7      | Killed Menkaure
  6606 | D:7      | Reached skill level 6 in Stealth
  6714 | D:7      | Found a runed translucent door.
  6715 | D:7      | Noticed Crazy Yiuf
  6916 | D:7      | Noticed Pikel
  6933 | D:7      | Killed Pikel
  6934 | D:7      | Reached skill level 5 in Throwing
  7388 | D:7      | Reached ** piety under Makhleb
  7446 | D:8      | Found a blossoming altar of Fedhas.
  7461 | D:8      | Reached skill level 1 in Invocations
  7461 | D:8      | Reached skill level 1 in Evocations
  7695 | D:8      | Found a shimmering blue altar of Sif Muna.
  7760 | D:8      | Reached XP level 10. HP: 44/46 MP: 11/13
  7960 | D:8      | Found a staircase to the Lair.
  7969 | D:8      | Found a sparkling altar of Nemelex Xobeh.
  8032 | D:8      | Reached skill level 1 in Dodging
  8192 | D:8      | Reached skill level 1 in Shields
  8362 | D:9      | Reached skill level 1 in Armour
  8563 | D:9      | Reached *** piety under Makhleb
  9187 | D:9      | Noticed a death yak
  9272 | D:9      | Killed a death yak
  9273 | D:9      | Reached skill level 5 in Fighting
  9342 | D:9      | Reached XP level 11. HP: 50/56 MP: 15/15
  9561 | D:10     | Entered Level 10 of the Dungeon
  9687 | D:10     | Noticed Snorg
  9700 | D:10     | Killed Snorg
 10071 | D:11     | Noticed a manticore
 10071 | D:11     | Noticed a deep troll earth mage
 10079 | D:11     | Noticed a flayed ghost
 10094 | D:11     | Found a transporter.
 10105 | D:11     | Noticed an obsidian statue
 10113 | D:11     | Found a transporter.
 10125 | D:11     | Noticed Erolcha
 10152 | D:11     | Killed Erolcha
 10294 | D:11     | Found a runed translucent door.
 10297 | D:11     | Noticed psellion's ghost (journeyman DrIE)
 10297 | D:11     | Noticed a spriggan rider
 10297 | D:11     | Identified the cursed +1 spear of the Screaming Augurer
                  | {vorpal, rF+ rN+ Will+}
 10566 | D:11     | Noticed a green ugly thing
 10596 | D:11     | Killed a green ugly thing
 10825 | D:11     | Noticed a faun
 10838 | D:11     | Noticed a mana viper
 10838 | D:11     | a faun changed into a mana viper
 11202 | Lair:1   | Entered Level 1 of the Lair of Beasts
 11433 | Lair:1   | Reached skill level 7 in Stealth
 11692 | Lair:1   | Reached **** piety under Makhleb
 11764 | Lair:1   | Reached skill level 5 in Invocations
 11866 | Lair:1   | Got a shimmering falchion
 11989 | Lair:1   | Found a white marble altar of Elyvilon.
 12271 | Lair:1   | Identified the +7 falchion of Adwodo {vorpal, *Contam
                  | Str+4} (You found it on level 1 of the Lair of Beasts)
 12310 | Lair:2   | Reached skill level 5 in Evocations
 12324 | Lair:2   | Got a scintillating bronze ring
 12371 | Lair:2   | You fall into a shaft and drop 1 floor!
 12670 | Lair:2   | Gained mutation: You heal very quickly. [Vine Stalker
                  | growth]
 12670 | Lair:2   | Reached XP level 12. HP: 41/63 MP: 14/16
 12857 | Lair:2   | Reached skill level 5 in Dodging
 12920 | Lair:2   | Noticed an eight-headed hydra
 12938 | Lair:2   | Killed an eight-headed hydra
 13827 | Lair:3   | Noticed a six-headed hydra
 13835 | Lair:3   | Killed a six-headed hydra
 14241 | Lair:4   | Reached skill level 8 in Stealth
 14398 | Lair:4   | Noticed an eight-headed hydra
 14408 | Lair:4   | Killed an eight-headed hydra
 14414 | Lair:4   | Found a gate leading to a gauntlet.
 14414 | Lair:4   | Noticed an eight-headed hydra
 14425 | Lair:4   | Killed an eight-headed hydra
 14440 | Gauntlet | Entered a Gauntlet
 14440 | Gauntlet | Found a large runed translucent door.
 14440 | Gauntlet | Found a large runed translucent door.
 14440 | Gauntlet | Found a large runed translucent door.
 14440 | Gauntlet | Found a large runed translucent door.
 14440 | Gauntlet | Found a large runed translucent door.
 14440 | Gauntlet | Found a large runed translucent door.
 14440 | Gauntlet | Found a large runed translucent door.
 14440 | Gauntlet | Found a large runed translucent door.
 14440 | Gauntlet | Found a runed translucent door.
 14440 | Gauntlet | Found a runed translucent gate.
 14440 | Gauntlet | Found a transporter.
 14440 | Gauntlet | Found a transporter.
 14440 | Gauntlet | Found a runed translucent gate.
 14440 | Gauntlet | Found a transporter.
 14441 | Gauntlet | Noticed a blizzard demon
 14491 | Gauntlet | Found a transporter.
 14494 | Gauntlet | Found a transporter.
 14501 | Gauntlet | Noticed a wretched star
 14510 | Gauntlet | Found a transporter.
 14511 | Gauntlet | Found a transporter.
 14517 | Gauntlet | Found a transporter.
 14525 | Gauntlet | Found a transporter.
 14543 | Gauntlet | Found a transporter.
 14551 | Gauntlet | Found a transporter.
 14569 | Gauntlet | Found a transporter.
 14573 | Gauntlet | Found a large runed translucent door.
 14573 | Gauntlet | Found a large runed translucent door.
 14574 | Gauntlet | Found a large runed translucent door.
 14574 | Gauntlet | Found a large runed translucent door.
 14575 | Gauntlet | Found a large runed translucent door.
 14575 | Gauntlet | Found a large runed translucent door.
 14575 | Gauntlet | Found a large runed translucent door.
 14575 | Gauntlet | Found a large runed translucent door.
 14576 | Gauntlet | Found a runed translucent door.
 14652 | Gauntlet | Found a runed translucent gate.
 14732 | Gauntlet | Killed a blizzard demon
 14812 | Gauntlet | Got a pair of pitted boots
 14815 | Gauntlet | Gained mutation: You are weak. (Str -2) [a neqoxec]
 14848 | Gauntlet | Noticed a minotaur
 14877 | Gauntlet | Killed a minotaur
 14970 | Lair:4   | Identified the +0 pair of boots of Levity {Int+2 Slay+5}
                  | (You found it in a Gauntlet)
 15030 | Lair:4   | Found a hole to the Spider Nest.
 15260 | Lair:4   | Found a staircase to the Swamp.
 15398 | Lair:4   | Noticed an eight-headed hydra
 15415 | Lair:4   | Killed an eight-headed hydra
 15532 | Lair:4   | Reached XP level 13. HP: 72/72 MP: 18/18
 15854 | Lair:5   | You fall into a shaft and drop 1 floor!
 15854 | Lair:6   | Entered Level 6 of the Lair of Beasts
 16079 | Lair:5   | Reached skill level 10 in Fighting
 16091 | Lair:5   | Reached skill level 9 in Stealth
 16230 | Lair:5   | Reached skill level 10 in Stealth
 16365 | Lair:5   | Identified the ring "Puvastrui" {+Blink rPois Str-2 Slay+2}
                  | (You found it on level 2 of the Lair of Beasts)
 16522 | Lair:5   | Reached skill level 11 in Stealth
 16556 | Lair:5   | Reached skill level 12 in Stealth
 16623 | Lair:5   | Found a staircase to the Slime Pits.
 16627 | Lair:5   | Found a viscous altar of Jiyva.
 16694 | Lair:5   | Reached skill level 13 in Stealth
 17108 | Lair:5   | Reached skill level 14 in Stealth
 17191 | Lair:6   | Reached skill level 15 in Stealth
 17338 | Lair:6   | Reached skill level 16 in Stealth
 17605 | Lair:6   | Reached skill level 17 in Stealth
 17750 | Lair:6   | Reached XP level 14. HP: 75/77 MP: 19/19
 18418 | D:12     | Found a staircase to the Orcish Mines.
 19459 | D:12     | Reached skill level 5 in Shields
 19645 | Orc:1    | Entered Level 1 of the Orcish Mines
 19681 | Orc:1    | Noticed Erica
 19697 | Orc:1    | Killed Erica
 19699 | Orc:1    | Reached ***** piety under Makhleb
 19908 | Orc:1    | Reached skill level 5 in Armour
 20207 | Orc:2    | Entered Level 2 of the Orcish Mines
 20221 | Orc:2    | Noticed an orc warlord
 20264 | Orc:2    | Found an iron altar of Okawaru.
 20917 | Orc:2    | Noticed an orc warlord
 20940 | Orc:1    | Killed an orc warlord
 21325 | Orc:2    | Found a staircase to the Elven Halls.
 21338 | Orc:2    | Noticed an orc warlord
 21348 | Orc:2    | Killed an orc warlord
 21547 | Orc:2    | Reached ****** piety under Makhleb
 21549 | Orc:2    | Noticed Donald
 21583 | Orc:2    | Killed Donald
 21707 | Orc:2    | Found Maiwni's General Store.
 22111 | Orc:1    | Killed an orc warlord
 22281 | Orc:2    | HP: 2/77 [orc warrior/+0 glaive (22)]
 22493 | Orc:2    | Noticed Azrael
 22502 | Orc:2    | Reached XP level 15. HP: 81/81 MP: 21/21
 22506 | Orc:2    | Killed Azrael
 22540 | Orc:2    | Found Enwol's Antique Weapon Shoppe.
 22667 | Orc:2    | Found Focrats's Armour Boutique.
 22667 | Orc:2    | Found Vimungimue's Weapon Boutique.
 22995 | Orc:2    | Bought a steaming short sword for 200 gold pieces
 23017 | Orc:2    | Bought a +1 chain mail of fire resistance for 214 gold
                  | pieces
 23404 | D:13     | Noticed Jorgrun
 23430 | D:13     | Killed Jorgrun
 23691 | D:13     | Found a gate to the Vaults.
 24190 | D:14     | Found Cieryaho's Weapon Shoppe.
 24776 | D:14     | Found Poonarch's Antique Armour Emporium.
 25097 | D:15     | Entered Level 15 of the Dungeon
 25748 | D:15     | Found a staircase to the Depths.
 25888 | D:15     | Identified the cursed +0 short sword of Giar {pain, Str+4
                  | Int+5} (You bought it in a shop on level 2 of the Orcish
                  | Mines)
 26280 | D:4      | Killed urnamphora's ghost
 26281 | D:4      | Reached XP level 16. HP: 90/90 MP: 24/24
 26298 | D:4      | Identified Sif Muna's Compendium of the Frostbite and
                  | Weightlessness
 26430 | D:6      | Killed richaworth's ghost
 26519 | D:7      | Killed Crazy Yiuf
 26782 | Spider:1 | Entered Level 1 of the Spider Nest
 27100 | Spider:1 | Reached skill level 10 in Invocations
 27296 | Spider:1 | Noticed Louise
 27361 | Spider:1 | Killed Louise
 27718 | Spider:1 | Reached skill level 10 in Dodging
 29248 | Spider:3 | Noticed Arachne
 29273 | Spider:2 | Killed Arachne
 29678 | Spider:3 | Reached XP level 17. HP: 97/97 MP: 23/25
 30744 | Spider:4 | Entered Level 4 of the Spider Nest
 30814 | Spider:3 | HP: 2/98 [spark wasp (13)]
 30815 | Spider:3 | Killed from afar by a spark wasp

Illustrated notes

Levels and vault maps discovered:
D:1:      ebering_hopf_link, layout_basic
D:2:      layout_basic, minmay_3d_cube
D:3:      layout_loops_cross, uniq_ijyb
D:4:      layout_basic, gammafunk_ghost_mausoleum, grunt_ministairs_2
D:5:      layout_basic, minmay_temple_entry_stoned_glass
D:6:      layout_gridville, nicolae_qazlal_general_emergency,
          ebering_ghost_disaster_area, uniq_blork_the_orc
D:7:      layout_loops_ring, uniq_menkaure, uniq_crazy_yiuf_cottage, uniq_pikel
D:8:      minmay_octagon_keep, layout_gridville, led_sif_pool, fedhas_altar_3,
          kennysheep_mini, lair_entry_dummy, minmay_starry_boxes
D:9:      layout_cave_pools, serial_ice, serial_ice_k, serial_ice_o,
          serial_ice_g, serial_ice_n, serial_ice_a, serial_ice_f, serial_ice_c,
          serial_ice_e, serial_ice_b, serial_ice_m
D:10:     layout_rooms, uniq_snorg
D:11:     gammafunk_sealed_arena, layout_loops_ring,
          ebering_ghost_funeral_grove, uniq_erolcha
D:12:     layout_cave_pods, david_orc_2
D:13:     layout_basic, david_vaults_4, uniq_jorgrun
D:14:     layout_roguey, serial_shops, nicolae_shop_statue_plus,
          nicolae_shop_window_shopping, chequers_avenue, minmay_the_grid_2x2
          [minmay_the_grid_small_cups, minmay_the_grid_minigrid_medium,
          minmay_the_grid_outer_circle, minmay_the_grid_prize_big_room]
D:15:     grunt_enter_depths_snipers, layout_loops_ring, minmay_orc_keep
Temple:   hc_temple_tempest_star
Lair:1:   layout_regular_city, basic_altar, st_stairs_4, wad_woods_river_02
Lair:2:   layout_regular_city
Lair:3:   layout_regular_city
Lair:4:   layout_long_grid, minmay_swamp_entry_worms, spider_nest_entry_rubble,
          gauntlet_entry_generic, cheibrodos_lair_reptile_den
Lair:5:   layout_hall_layers, slime_altar_1, kennysheep_basilisk_garden,
          grunt_megastairs_5, infiniplex_staircase_pool
Lair:6:   evil_forest, layout_gridlike, st_stairs_4,
          hangedman_lair_unloving_vines
Spider:1: spiders_nest_scorpion_pit, uniq_louise
Spider:2: layout_spider_delve
Spider:3: nicolae_spider_hall_of_the_moth_king, nicolae_spider_cling_ruins,
          uniq_arachne
Spider:4: johnstein_spider_rune_arachne_lair, uniq_nikola
Orc:1:    layout_caves, ebering_ghost_disaster_area, hangedman_minor_magic,
          uniq_erica
Orc:2:    st_orc_elflike, layout_diamond_mine, okawaru_metal_pillars_1_2,
          uniq_donald, uniq_azrael

Skill      XL: |  1  2  3  4  5  6  7  8  9 10 11 12 13 14 15 16 17 |
---------------+----------------------------------------------------+-----
Short Blades   | 2 3 4 5 6 8 10 | 10.0
Throwing       | 2 6 |  6.0
Stealth        | 5 6 7 8 17 | 17.0
Invocations    | 3 4 5 6 7 9 10 | 10.0
Evocations     | 3 4 5 6 7 8 |  8.0
Fighting       | 5 7 9 10 12 14 | 14.6
Dodging        | 3 4 6 7 8 10 11 | 11.5
Shields        | 2 3 4 6 |  6.0
Armour         | 2 3 4 5 6 |  6.0

Action                   |  1- 3 |  4- 6 |  7- 9 | 10-12 | 13-15 | 16-18 || total
-------------------------+-------+-------+-------+-------+-------+-------++-------
Melee: Dagger            |   103 |   202 |   482 |  1071 |  1490 |   710 ||  4058
       Bite              |    25 |    61 |   182 |   418 |   680 |   338 ||  1704
Throw: Dart              |     3 |    14 |    60 |    18 |    43 |    90 ||   228
       Boomerang         |       |       |    11 |       |       |       ||    11
Invok: Lesser Servant of |       |       |       |    21 |     5 |     9 ||    35
 Abil: Evoke Blink       |       |       |       |       |       |     2 ||     2
Evoke: Wand              |       |       |       |     8 |    15 |       ||    23
       Box of beasts     |       |       |       |     2 |       |     1 ||     3
       Tin of tremorston |       |       |       |       |       |     2 ||     2
       Condenser vane    |       |       |       |       |       |     1 ||     1
  Use: Scroll            |     1 |     3 |    12 |    16 |    12 |    10 ||    54
       Potion            |       |       |       |     2 |       |     3 ||     5
 Stab: Sleeping          |     1 |     4 |     3 |     9 |    26 |     7 ||    50
       Distracted        |     1 |       |       |     6 |     5 |     3 ||    15
       Invisible         |       |       |       |     1 |       |       ||     1
       Paralysed         |       |       |       |       |     2 |       ||     2
Armor: Robe              |     6 |       |       |       |       |       ||     6
       Scale mail        |    29 |    51 |   180 |   408 |   314 |       ||   982
       Chain mail        |       |       |       |       |   177 |   602 ||   779
Dodge: Dodged            |    44 |    53 |    92 |   316 |   405 |   424 ||  1334
Block: Kite shield       |       |       |    90 |   411 |   540 |   492 ||  1533
       Reflection        |       |       |       |       |    10 |     1 ||    11

Table legend: (Time is in decaauts)
 A = Elapsed time spent in this place.
 B = Non-inter-level travel time spent in this place.
 C = Inter-level travel time spent in this place.
 D = Time resting spent in this place.
 E = Time spent auto-exploring this place.
 F = Levels seen in this place.
 G = Mean time per level.
                   A        B        C        D        E       F      G
               +--------+--------+--------+--------+--------+-----+--------+
         Total |  29832 |  27557 |   2275 |   3531 |  16885 |  29 | 1028.7 |
       Dungeon |  15371 |  14032 |   1339 |   1186 |   9413 |  15 | 1024.7 |
        Temple |    308 |    269 |     39 |      0 |    265 |   1 |  308.0 |
          Lair |   6528 |   6138 |    390 |    498 |   4286 |   6 | 1088.0 |
   Spider Nest |   3846 |   3715 |    131 |    993 |   1559 |   4 |  961.5 |
  Orcish Mines |   3343 |   2969 |    374 |    820 |   1135 |   2 | 1671.5 |
      Gauntlet |    433 |    433 |      0 |     33 |    225 |   1 |  433.0 |
               +--------+--------+--------+--------+--------+-----+--------+

Top non-repeatable levels by time:
   Orc:2: 2326 daAuts
Spider:1: 1491 daAuts
Spider:3: 1288 daAuts
     D:4: 1275 daAuts
  Lair:5: 1255 daAuts
    D:11: 1216 daAuts
     D:9: 1198 daAuts
     D:7: 1187 daAuts
  Lair:4: 1138 daAuts
    D:12: 1135 daAuts
     D:5: 1133 daAuts
     D:8: 1130 daAuts
  Lair:1: 1094 daAuts
  Lair:6: 1078 daAuts
  Lair:2: 1073 daAuts
